[Event "Titled Tuesday Blitz August 09 Early 2022"]
[White "Pinheiro, Iung Alicio de O."]
[Black "Bortnyk, Olexandr"]
[WhiteFideId "2104350"]
[BlackFideId "14120828"]
[WhiteElo "2283"]
[BlackElo "2723"]
[Result "1/2-1/2"]
[Round "02"]
[TimeControl "180+1"]
[Date "2022.08.09"]
[WhiteClock "0:00:11"]
[BlackClock "0:00:04"]

1. e4 Nf6 2. e5 Nd5 3. d4 d6 4. Nf3 dxe5 5. Nxe5 c6 6. Be2 Bf5 7. a3 Nd7 8. Nf3 e6 9. O-O Bd6 10. c4 N5f6 11. Nc3 O-O 12. Bg5 Qc7 13. h3 h6 14. Be3 Ne4 15. Qb3 Nxc3 16. Qxc3 Nf6 17. b4 Rad8 18. Rac1 Rfe8 19. Rfd1 a6 20. Qb2 Qe7 21. Ne5 Nd7 22. Nf3 Qf6 23. Qd2 Bg6 24. Bf1 e5 25. dxe5 Nxe5 26. Nxe5 Bxe5 27. Qe1 Bb2 28. Rxd8 Rxd8 29. Rd1 Rxd1 30. Qxd1 Bxa3 31. b5 axb5 32. cxb5 Bd6 33. bxc6 bxc6 34. g3 Be4 35. Bg2 Bxg2 36. Kxg2 Qe6 37. Qa4 Qd5+ 38. Kg1 c5 39. Qe8+ Kh7 40. Qd7 Qd1+ 41. Kg2 Qd5+ 42. Kg1 Qe6 43. Qb7 c4 44. Kg2 Be5 45. Qe4+ f5 46. Qb7 c3 47. g4 Kg6 48. Kf3 fxg4+ 49. hxg4 Qf7+ 50. Qxf7+ Kxf7 51. Ke4 Ke6 52. f4 Bf6 53. f5+ Kd6 54. Bf4+ Kc5 55. Kd3 Kb4 56. Kc2 Kc4 57. Be3 Bd4 58. Bf4 Bf6 59. Be3 Kb5 60. Kd3 Kb4 61. Kc2 Kc4 62. Bf2 Bg5 63. Bg1 Bf4 64. Bf2 Be5 65. Bg1 Kd5 66. Kd3 Kd6 67. Be3 Ke7 68. Ke4 Bf6 69. Kd3 Kf7 70. Bf4 Ke8 71. Ke4 c2 72. Kd3 Kd7 73. Kxc2 Kc6 74. Kd3 Kd5 75. Ke3 Bg5 76. Kf3 Kd4 77. Bg3 Bf6 78. Bf2+ Kd3 79. Bg3 Bd4 80. Bf4 Bf6 81. Bg3 Kd2 82. Bf4+ Ke1 83. Bg3+ Kf1 84. Bf4 Kg1 85. Kg3 Kf1 86. Kf3 Bc3 87. Be3 Be5 88. Bf2 Bf6 89. Bg3 Kg1 90. Bf4 Kf1 91. Kg3 Ke2 92. Kg2 Bg5 93. Bg3 Ke3 94. Bh2 Bf4 95. Bg1+ Ke4 96. Bf2 Be5 97. Bg1 Bc3 98. Bh2 Bd4 99. Bg3 Bf6 100. Bh2 Bh4 101. Kh3 Bg5 102. Kg2 Bf4 103. Bg1 Be5 104. Bf2 Bd6 105. Kh3 Kf3 106. Bh4 Be5 107. Be7 Kf4 108. Bf8 Bf6 109. Bd6+ Kf3 110. Bf8 Be5 111. Be7 Bd4 112. Bf8 Bc3 113. Be7 Bb2 114. Bf8 Bf6 115. Bd6 Ke4 116. Bf8 Kf4 117. Bd6+ Kf3 118. Bf8 Be5 119. Be7 1/2-1/2


[Site "https://www.chess.com"]

[Event "Titled Tuesday Blitz August 09 Early 2022"]
[White "Ponce Cano, Adrian"]
[Black "Mitrabha, Guha"]
[WhiteFideId "22296913"]
[BlackFideId "5057000"]
[WhiteElo "2261"]
[BlackElo "2499"]
[Result "0-1"]
[Round "02"]
[TimeControl "180+1"]
[Date "2022.08.09"]
[WhiteClock "0:00:51"]
[BlackClock "0:01:11"]

1. e4 e5 2. Nf3 Nc6 3. Nc3 Bc5 4. Nxe5 Nxe5 5. d4 Bd6 6. dxe5 Bxe5 7. Bc4 d6 8. f4 Bxc3+ 9. bxc3 Be6 10. Bd3 Ne7 11. O-O Nc6 12. Rb1 Rb8 13. a4 Qh4 14. g3 Qf6 15. Bb2 Qe7 16. c4 f6 17. Qd2 O-O 18. Rbe1 Qf7 19. Qc3 Rbe8 20. Ba3 b6 21. Rf2 Na5 22. c5 dxc5 23. Bxc5 bxc5 24. Qxa5 c4 25. Bf1 c6 26. Qc5 Kh8 27. f5 Bc8 28. Bxc4 Qc7 29. Rfe2 Qe5 30. Qxa7 Re7 31. Qf2 Rfe8 32. Qf4 Qd4+ 33. Kf1 Qxc4 34. e5 Qxf4+ 35. gxf4 Ba6 36. e6 Bxe2+ 37. Rxe2 Ra7 38. Re4 g6 39. fxg6 hxg6 40. h4 f5 41. Re5 Rxa4 42. h5 Rxf4+ 43. Kg2 Kg7 44. hxg6 Kxg6 0-1


[Site "https://www.chess.com"]

[Event "Titled Tuesday Blitz August 09 Early 2022"]
[White "Pranav Anand"]
[Black "Bressac, Stephane"]
[WhiteFideId "46626786"]
[BlackFideId "655945"]
[WhiteElo "2300"]
[BlackElo "2339"]
[Result "1-0"]
[Round "02"]
[TimeControl "180+1"]
[Date "2022.08.09"]
[WhiteClock "0:02:21"]
[BlackClock "0:01:22"]

1. Nf3 Nf6 2. g3 g6 3. Bg2 Bg7 4. O-O O-O 5. c4 d6 6. Nc3 c6 7. d3 e5 8. Bg5 Nbd7 9. Rb1 a5 10. a3 h6 11. Bd2 Re8 12. Ne1 Nc5 13. b4 axb4 14. axb4 Ne6 15. b5 Bd7 16. Nc2 Rb8 17. Nb4 c5 18. Nbd5 Nxd5 19. Nxd5 Nc7 20. Ba5 b6 21. Bxb6 Rxb6 22. Nxb6 Nxb5 23. cxb5 Qxb6 24. Qb3 Rb8 25. Bd5 Be8 26. Bc4 Ra8 27. e4 Kh7 28. Ra1 Rb8 29. Bxf7 Bxf7 30. Qxf7 Rb7 31. Qc4 Qxb5 32. Qxb5 Rxb5 33. Rfb1 Rxb1+ 34. Rxb1 Bf8 35. Rb7+ Kg8 36. Kf1 1-0


[Site "https://www.chess.com"]

[Event "Titled Tuesday Blitz August 09 Early 2022"]
[White "Prokofiev, Valentyn"]
[Black "Estrada Nieto, Julian"]
[WhiteFideId "14160161"]
[BlackFideId "5101018"]
[WhiteElo "2259"]
[BlackElo "2252"]
[Result "1-0"]
[Round "02"]
[TimeControl "180+1"]
[Date "2022.08.09"]
[WhiteClock "0:00:08"]
[BlackClock "0:00:01"]

1. d4 d5 2. c4 dxc4 3. Nf3 Nf6 4. e3 e6 5. Bxc4 c5 6. O-O a6 7. dxc5 Bxc5 8. Qxd8+ Kxd8 9. b3 Nc6 10. Bb2 Ke7 11. Nc3 Bd7 12. Rfc1 Rhc8 13. Ng5 Ne5 14. Be2 Bb4 15. Nce4 Nxe4 16. Nxe4 f6 17. a3 Ba5 18. Bd4 Bc6 19. Bc5+ Kd7 20. Rd1+ Bd5 21. b4 Bd8 22. Nc3 b6 23. Nxd5 exd5 24. Rxd5+ Ke8 25. Bd6 Nc4 26. Bg3 b5 27. h3 Bc7 28. Bg4 Bxg3 29. Bxc8 Rxc8 30. fxg3 Ke7 31. e4 Ne5 32. Rc5 Rxc5 33. bxc5 Kd7 34. Rd1+ Kc7 35. Rd6 a5 36. Rb6 b4 37. axb4 axb4 38. Rxb4 Nd3 39. Rb5 Kc6 40. Rb6+ Kc7 41. Rb5 Kc6 42. Ra5 Nxc5 43. Ra7 Nb7 44. Kf2 Kb6 45. Ra1 Nd6 46. Kf3 Kc6 47. Rc1+ Kd7 48. Kf4 Ke6 49. Rc7 g5+ 50. Ke3 Nf7 51. Kf3 h6 52. g4 Ne5+ 53. Kg3 Nf7 54. Ra7 Ne5 55. Rh7 Nf7 56. Kf3 Ke7 57. Ke3 Kf8 58. Kd4 Kg8 59. Rxf7 Kxf7 60. Kd5 Ke7 61. e5 fxe5 62. Kxe5 Kf7 63. Kf5 Kg7 64. Ke6 Kg6 65. g3 1-0


[Site "https://www.chess.com"]

[Event "Titled Tuesday Blitz August 09 Early 2022"]
[White "Radu, David Cr."]
[Black "Chernomordik, Pavel"]
[WhiteFideId "1265717"]
[BlackFideId "2804530"]
[WhiteElo "1678"]
[BlackElo "2217"]
[Result "0-1"]
[Round "02"]
[TimeControl "180+1"]
[Date "2022.08.09"]
[WhiteClock "0:00:01"]
[BlackClock "0:00:04"]

1. Nf3 g6 2. c4 Bg7 3. Nc3 e5 4. b3 Nc6 5. Bb2 d6 6. d3 Nge7 7. g3 Bg4 8. Bg2 Qd7 9. h3 Bf5 10. Nd5 h6 11. h4 O-O 12. O-O Nxd5 13. cxd5 Ne7 14. e4 Bh3 15. Rc1 Bxg2 16. Kxg2 f5 17. Nh2 c6 18. dxc6 Nxc6 19. b4 d5 20. b5 Ne7 21. Qb3 Kh7 22. Ba3 dxe4 23. dxe4 fxe4 24. Bxe7 Qxe7 25. Ng4 h5 26. Ne3 Rf3 27. Qd5 Raf8 28. Qxe4 Qf7 29. Rc2 Bh6 30. Nd5 Kh8 31. Qxe5+ Bg7 32. Qe4 Ra3 33. Nf4 Kh7 34. Nxh5 Re8 35. Qf4 Qd5+ 36. Kh2 Qxh5 37. Rc7 Rg8 38. Re1 Rxa2 39. Ree7 Qh6 40. Qf7 g5 0-1


[Site "https://www.chess.com"]

[Event "Titled Tuesday Blitz August 09 Early 2022"]
[White "Rangel, Daniel"]
[Black "Rostomyan, Mikayel"]
[WhiteFideId "2124475"]
[BlackFideId "13313754"]
[WhiteElo "2225"]
[BlackElo "1426"]
[Result "0-1"]
[Round "02"]
[TimeControl "180+1"]
[Date "2022.08.09"]
[WhiteClock "0:00:14"]
[BlackClock "0:00:58"]

1. c4 e5 2. g3 Nf6 3. Bg2 c6 4. Nf3 e4 5. Nd4 d5 6. cxd5 cxd5 7. O-O Nc6 8. Nxc6 bxc6 9. d3 exd3 10. Qxd3 Be7 11. Nc3 O-O 12. e4 d4 13. Na4 c5 14. Bg5 Bb7 15. Bxf6 Bxf6 16. Nxc5 Bc6 17. f4 Be7 18. Rfc1 Qb6 19. Qxd4 Rfd8 20. Qf2 Rac8 21. Nb3 Qb7 22. e5 Bxg2 23. Qxg2 Qb6+ 24. Kh1 a5 25. Rxc8 Rxc8 26. Rd1 a4 27. Nc1 Qe3 28. Nd3 Rd8 29. Qd2 Qf3+ 30. Kg1 Bc5+ 31. Nxc5 Rxd2 32. Rxd2 Qe3+ 33. Rf2 Qxc5 34. a3 g5 35. Kg2 gxf4 36. gxf4 Kg7 37. Kf3 Qd5+ 38. Kg4 Qd4 39. Rg2 Kg6 40. Kf3+ Kf5 41. Rg5+ Ke6 42. Rg2 h6 43. Kg4 Qd1+ 44. Kg3 Kf5 45. Rf2 Qg4# 0-1


[Site "https://www.chess.com"]

[Event "Titled Tuesday Blitz August 09 Early 2022"]
[White "Rendle, Thomas E"]
[Black "Unat, Can Haktan"]
[WhiteFideId "408760"]
[BlackFideId "6398073"]
[WhiteElo "2428"]
[BlackElo "1971"]
[Result "0-1"]
[Round "02"]
[TimeControl "180+1"]
[Date "2022.08.09"]
[WhiteClock "0:00:01"]
[BlackClock "0:00:15"]

1. c4 Nf6 2. Nf3 g6 3. b3 Bg7 4. Bb2 O-O 5. g3 c5 6. Bg2 b6 7. d4 Bb7 8. O-O cxd4 9. Qxd4 Nc6 10. Qh4 d5 11. Rd1 e6 12. Nc3 Ne4 13. cxd5 Nxc3 14. dxc6 Nxd1 15. cxb7 Rb8 16. Bxg7 Kxg7 17. Ne5 Qxh4 18. gxh4 Nc3 19. Nd7 e5 20. Nxb8 Rxb8 21. Kf1 Nb5 22. Rc1 Nd6 23. Rc7 e4 24. e3 Kf6 25. Ke2 Ke6 26. f3 Rxb7 27. Rxb7 Nxb7 28. fxe4 Ke5 29. Kd3 Nd6 30. Bf3 h5 31. h3 b5 32. a3 a5 33. b4 a4 34. Bg2 Nc4 35. Bf1 Nxa3 36. Kc3 Kxe4 37. Kb2 Nc4+ 38. Bxc4 bxc4 39. Kc3 a3 40. b5 Kd5 41. e4+ Kc5 0-1


[Site "https://www.chess.com"]

[Event "Titled Tuesday Blitz August 09 Early 2022"]
[White "Reprintsev, Alexander"]
[Black "Bashirli, Saadat"]
[WhiteFideId "14100541"]
[BlackFideId "13429990"]
[WhiteElo "2108"]
[BlackElo "1173"]
[Result "1-0"]
[Round "02"]
[TimeControl "180+1"]
[Date "2022.08.09"]
[WhiteClock "0:00:32"]
[BlackClock "0:00:40"]

1. e4 c5 2. b3 Nf6 3. e5 Nd5 4. Nc3 Nxc3 5. dxc3 Nc6 6. Nf3 g6 7. Bc4 Bg7 8. O-O Nxe5 9. Nxe5 Bxe5 10. Qd5 d6 11. Qxf7+ Kd7 12. Be3 Kc7 13. Rad1 Bf5 14. Bxc5 Rf8 15. Qd5 e6 16. Qf3 Bxc2 17. Qh3 Bxd1 18. Rxd1 Qf6 19. Be3 d5 20. Be2 Rf7 21. c4 d4 22. f4 dxe3 23. Qxe3 Qxf4 24. Qc5+ Kb8 25. Rd8# 1-0


[Site "https://www.chess.com"]

[Event "Titled Tuesday Blitz August 09 Early 2022"]
[White "Rios Escobar, Adan"]
[Black "Ajay, Karthikeyan"]
[WhiteFideId "3403645"]
[BlackFideId "35011685"]
[WhiteElo "2396"]
[BlackElo "2168"]
[Result "0-1"]
[Round "02"]
[TimeControl "180+1"]
[Date "2022.08.09"]
[WhiteClock "0:00:11"]
[BlackClock "0:01:29"]

1. d4 Nf6 2. g3 c5 3. d5 b5 4. a4 Bb7 5. Bg2 b4 6. b3 g6 7. Bb2 Bg7 8. e4 d6 9. Ne2 O-O 10. O-O a5 11. Nd2 Nbd7 12. h3 Ba6 13. Re1 Rc8 14. f4 Nb6 15. c4 Nfxd5 16. Bxg7 Ne3 17. Bxf8 Nxd1 18. Bxe7 Qxe7 19. Raxd1 Qf6 20. e5 dxe5 21. Ne4 Qe7 22. fxe5 Qxe5 23. Nf4 Qb2 24. Re3 Bxc4 25. Nd6 Bxb3 26. Nxc8 Bxd1 27. Nxb6 Qd4 28. Kf2 c4 29. Nxc4 Qxc4 30. Bd5 Qd4 31. g4 Qxf4+ 32. Bf3 Bxf3 33. Rxf3 Qxf3+ 34. Kxf3 b3 35. Ke2 b2 36. Kd2 b1=Q 37. g5 Qb4+ 38. Kc2 Qxa4+ 39. Kb2 Qh4 40. Kc3 Qxh3+ 41. Kb2 Qf5 42. Ka3 Qxg5 43. Ka4 Qf5 44. Ka3 Qb5 45. Ka2 Qb4 46. Ka1 a4 47. Ka2 a3 48. Ka1 Qb2# 0-1


[Site "https://www.chess.com"]

[Event "Titled Tuesday Blitz August 09 Early 2022"]
[White "Rose, Felix"]
[Black "Seemann, Jakub"]
[WhiteFideId "5105722"]
[BlackFideId "21874697"]
[WhiteElo "2039"]
[BlackElo "2064"]
[Result "0-1"]
[Round "02"]
[TimeControl "180+1"]
[Date "2022.08.09"]
[WhiteClock "0:02:34"]
[BlackClock "0:02:44"]

1. e4 c6 2. Nf3 d5 3. d3 Nf6 4. e5 Nfd7 5. h3 e6 6. Be2 c5 7. O-O Nc6 8. Bf4 Qc7 9. c3 Ncxe5 10. Nxe5 Nxe5 11. d4 Nf3+ 12. Bxf3 Qxf4 13. dxc5 Bxc5 14. b4 Bb6 15. g3 Qxg3+ 0-1


[Site "https://www.chess.com"]

[Event "Titled Tuesday Blitz August 09 Early 2022"]
[White "Safin, Robert"]
[Black "Fiorito, Joaquin"]
[WhiteFideId "34189120"]
[BlackFideId "180173"]
[WhiteElo "2241"]
[BlackElo "1758"]
[Result "0-1"]
[Round "02"]
[TimeControl "180+1"]
[Date "2022.08.09"]
[WhiteClock "0:00:14"]
[BlackClock "0:01:10"]

1. d4 d5 2. c4 c6 3. cxd5 cxd5 4. Bg5 Nc6 5. Nc3 f6 6. Bd2 e6 7. e3 Bd6 8. Nge2 Nge7 9. Ng3 O-O 10. Bd3 a6 11. a3 b5 12. Qh5 g6 13. Qh6 e5 14. Nh5 Rf7 15. Nxd5 Nxd5 16. Bxg6 hxg6 17. Qxg6+ Kf8 18. Rc1 Bb7 19. e4 Nf4 20. Bxf4 exf4 21. d5 Nd4 22. Rd1 Be5 23. Rxd4 Bxd4 24. Nxf4 Bc8 25. Qh6+ Kg8 26. Ng6 Rh7 27. Qd2 Qe8 28. Qxd4 Qxg6 29. f4 Bd7 30. d6 Re8 31. O-O Qxe4 32. Qd1 Qe3+ 33. Kh1 Kh8 34. h3 Bxh3 35. Qb1 Bf5# 0-1


[Site "https://www.chess.com"]

[Event "Titled Tuesday Blitz August 09 Early 2022"]
[White "Salem, A.R. Saleh"]
[Black "Eynullayev, Altay"]
[WhiteFideId "9301348"]
[BlackFideId "13413562"]
[WhiteElo "2674"]
[BlackElo "2079"]
[Result "1-0"]
[Round "02"]
[TimeControl "180+1"]
[Date "2022.08.09"]
[WhiteClock "0:01:45"]
[BlackClock "0:00:26"]

1. d4 Nf6 2. c4 e6 3. Nc3 d5 4. cxd5 exd5 5. Bg5 Be7 6. e3 c6 7. Bd3 Nbd7 8. h3 Ne4 9. Bf4 Ndf6 10. Nge2 Bd6 11. Qc2 Bxf4 12. Nxf4 Nxc3 13. bxc3 O-O 14. O-O Re8 15. a4 a5 16. Rab1 Ne4 17. c4 h6 18. Rfc1 g5 19. Ne2 Qf6 20. Nc3 Nxc3 21. Qxc3 dxc4 22. Bxc4 Re7 23. Rb6 g4 24. hxg4 Bxg4 25. Bf1 Bf5 26. Qb2 Ra7 27. Rc5 Be4 28. Qd2 Qg6 29. Rxa5 Rxa5 30. Qxa5 h5 31. Rxb7 Rxb7 32. Qa8+ Kg7 33. Qxb7 h4 34. Qe7 h3 35. Qe5+ Kf8 36. Qb8+ Ke7 37. Qc7+ Ke8 38. Qc8+ Ke7 39. Qxh3 Qd6 40. Qh4+ 1-0


[Site "https://www.chess.com"]

[Event "Titled Tuesday Blitz August 09 Early 2022"]
[White "Samadov, Read"]
[Black "Eynullayev, Atilla"]
[WhiteFideId "13417444"]
[BlackFideId "13413570"]
[WhiteElo "2084"]
[BlackElo "1936"]
[Result "1-0"]
[Round "02"]
[TimeControl "180+1"]
[Date "2022.08.09"]
[WhiteClock "0:00:51"]
[BlackClock "0:00:09"]

1. d4 Nf6 2. Nf3 d5 3. c4 e6 4. g3 Be7 5. Bg2 O-O 6. O-O dxc4 7. Qc2 a6 8. a4 Bd7 9. Qxc4 Bc6 10. Bg5 Bd5 11. Qc2 Be4 12. Qc1 h6 13. Bxf6 Bxf6 14. Rd1 a5 15. e3 c6 16. Nc3 Bxf3 17. Bxf3 Na6 18. h4 Nb4 19. h5 Be7 20. Ne4 Qb6 21. Kg2 Rac8 22. Qc3 Nd5 23. Qc2 c5 24. Rac1 c4 25. Qe2 Qb4 26. Ra1 c3 27. bxc3 Nxc3 28. Nxc3 Rxc3 29. Rdb1 Rb3 30. Qc2 Rxb1 31. Rxb1 Qd6 32. Rxb7 Rb8 33. Ra7 Qd8 34. Qc6 Rb6 35. Qc3 Bb4 36. Qc4 Rb8 37. d5 Rc8 38. Qg4 Qd6 39. dxe6 Qxe6 40. Qxe6 fxe6 41. Be4 Kf8 42. Bg6 Kg8 43. Bf7+ 1-0


[Site "https://www.chess.com"]

[Event "Titled Tuesday Blitz August 09 Early 2022"]
[White "Samarth, J Rao"]
[Black "Ginzburg, Yakov"]
[WhiteFideId "46652370"]
[BlackFideId "4157176"]
[WhiteElo "1514"]
[BlackElo "2265"]
[Result "0-1"]
[Round "02"]
[TimeControl "180+1"]
[Date "2022.08.09"]
[WhiteClock "0:01:04"]
[BlackClock "0:00:18"]

1. Nf3 Nf6 2. g3 g6 3. Bg2 Bg7 4. O-O O-O 5. d3 d5 6. Nbd2 Nc6 7. e4 e5 8. exd5 Nxd5 9. Re1 Bg4 10. h3 Be6 11. Nc4 f6 12. Nfd2 Qd7 13. Kh1 Bxh3 14. Ne4 Bxg2+ 15. Kxg2 b6 16. Bd2 Nd4 17. c3 Ne6 18. Qb3 Rad8 19. Rad1 h6 20. Rh1 f5 21. Bxh6 fxe4 22. dxe4 Nef4+ 23. gxf4 Qg4+ 24. Kf1 Bxh6 25. Rxh6 Qxf4 26. Rxg6+ Kh7 27. Rg2 Qxe4 28. Re1 Qh4 29. Qc2+ Kh8 30. Nxe5 Qh1+ 31. Rg1 Qh3+ 32. Rg2 Qh1+ 33. Rg1 Qh3+ 34. Ke2 Nf4# 0-1


[Site "https://www.chess.com"]

[Event "Titled Tuesday Blitz August 09 Early 2022"]
[White "Samunenkov, Ihor"]
[Black "Buscar, Michael"]
[WhiteFideId "14187086"]
[BlackFideId "2603616"]
[WhiteElo "2441"]
[BlackElo "2010"]
[Result "1-0"]
[Round "02"]
[TimeControl "180+1"]
[Date "2022.08.09"]
[WhiteClock "0:00:09"]
[BlackClock "0:00:03"]

1. d4 d5 2. c4 e6 3. Nc3 a6 4. cxd5 exd5 5. Bf4 Nf6 6. e3 Bd6 7. Bg5 c6 8. Bd3 Nbd7 9. Nge2 Nf8 10. h3 Ne6 11. Bh4 Be7 12. O-O O-O 13. f3 c5 14. dxc5 Bxc5 15. Kh1 Bxe3 16. Bxf6 Qxf6 17. Nxd5 Qh6 18. Ne7+ Kh8 19. Nf5 Qg5 20. h4 Qh5 21. g4 Qg6 22. Nxe3 Qf6 23. g5 Qxb2 24. Nc4 Qb4 25. Rb1 Qc5 26. Nb6 Rb8 27. Be4 Qe5 28. Qd5 Qc7 29. Rfc1 Qe7 30. Nxc8 Rbxc8 31. Rxc8 Rxc8 32. Rxb7 Qa3 33. Rxf7 Rc1+ 34. Kh2 Qb2 35. Qd8+ Nxd8 36. Rf8# 1-0


[Site "https://www.chess.com"]

[Event "Titled Tuesday Blitz August 09 Early 2022"]
[White "Sanal, Vahap"]
[Black "Samant Aditya S"]
[WhiteFideId "6300545"]
[BlackFideId "35080580"]
[WhiteElo "2574"]
[BlackElo "1968"]
[Result "1/2-1/2"]
[Round "02"]
[TimeControl "180+1"]
[Date "2022.08.09"]
[WhiteClock "0:01:11"]
[BlackClock "0:00:07"]

1. g3 c5 2. Bg2 Nc6 3. f4 g6 4. Nf3 Bg7 5. d3 d5 6. c3 Nf6 7. O-O O-O 8. Na3 Re8 9. Qe1 a6 10. h3 b5 11. g4 c4 12. d4 Ne4 13. Nc2 Qb6 14. Kh1 a5 15. Ne5 Nxe5 16. fxe5 f6 17. Ne3 Bb7 18. Bxe4 dxe4 19. exf6 exf6 20. Qg3 Rac8 21. Bd2 b4 22. Rf2 Rf8 23. Raf1 b3 24. a3 a4 25. Kg1 Qe6 26. Rh2 Rf7 27. Kf2 Bf8 28. Rhh1 Bd6 29. Qg2 Kh8 30. Ke1 f5 31. gxf5 gxf5 32. d5 Bxd5 33. Nxd5 Qxd5 34. Be3 Be5 35. Qg5 Rg8 36. Qh5 Bg3+ 37. Rf2 Bxf2+ 38. Kxf2 Rfg7 39. Bd4 e3+ 40. Kxe3 Qxh1 41. Bxg7+ Kxg7 42. Qg5+ Kf7 43. Qxf5+ Kg7 44. Qg5+ Kf8 45. Qf6+ Ke8 46. Qe6+ Kf8 47. Qf6+ Ke8 48. Qe6+ Kf8 49. Qf6+ 1/2-1/2


[Site "https://www.chess.com"]

[Event "Titled Tuesday Blitz August 09 Early 2022"]
[White "Sarana, Alexey"]
[Black "Melikyan, Gnel"]
[WhiteFideId "24133795"]
[BlackFideId "54109990"]
[WhiteElo "2666"]
[BlackElo "1772"]
[Result "1-0"]
[Round "02"]
[TimeControl "180+1"]
[Date "2022.08.09"]
[WhiteClock "0:01:41"]
[BlackClock "0:00:03"]

1. d4 Nf6 2. c4 g6 3. Nc3 Bg7 4. e4 d6 5. Be2 O-O 6. Be3 c5 7. d5 e6 8. Nf3 exd5 9. cxd5 Re8 10. Nd2 a6 11. a4 Nbd7 12. O-O Rb8 13. Bf4 Ne5 14. h3 Bd7 15. a5 b5 16. axb6 Rxb6 17. Bxe5 Rxe5 18. Nc4 Nxe4 19. Nxb6 Nxc3 20. bxc3 Qxb6 21. Rxa6 Qb7 22. Rxd6 Bf8 23. Ra6 Rxd5 24. Qb1 Qxb1 25. Rxb1 Kg7 26. Bc4 Rf5 27. Ra7 Bc6 28. Rb6 Bd5 29. g4 Re5 30. Bxd5 Rxd5 31. Rbb7 Rd3 32. Rxf7+ Kg8 33. Kg2 Rxc3 34. Rfc7 Rc4 35. Ra8 Rf4 36. Rxc5 Rf7 37. Rcc8 Kg7 38. Ra6 Bb4 39. Rac6 Ba5 40. h4 Rd7 41. Rc5 Bb6 42. Rc2 Bd8 43. g5 h6 44. f4 hxg5 45. hxg5 Rd4 46. Kf3 Be7 47. R8c7 Kf8 48. R2c4 Rd1 49. R4c6 Kf7 50. Rb7 Rf1+ 51. Kg3 Re1 52. Kf2 Re4 53. Kf3 Re1 54. Rbb6 Rf1+ 55. Kg3 Bd8 56. Ra6 Rd1 57. Rxg6 Bc7 58. Raf6+ Ke8 59. Rg8+ Ke7 60. Rg7+ 1-0


[Site "https://www.chess.com"]

[Event "Titled Tuesday Blitz August 09 Early 2022"]
[White "Saravana, Krishnan P."]
[Black "Adury, Anant"]
[WhiteFideId "5018382"]
[BlackFideId "30964687"]
[WhiteElo "2155"]
[BlackElo "2328"]
[Result "1-0"]
[Round "02"]
[TimeControl "180+1"]
[Date "2022.08.09"]
[WhiteClock "0:02:08"]
[BlackClock "0:01:32"]

1. c4 e5 2. Nc3 Nc6 3. g3 Bc5 4. Bg2 d6 5. e3 Nge7 6. Nge2 a6 7. d4 Ba7 8. O-O h5 9. h3 h4 10. g4 f5 11. d5 Nb8 12. g5 Nd7 13. f4 e4 14. Nd4 Nc5 15. b3 c6 16. a4 a5 17. Ba3 Nd3 18. dxc6 bxc6 19. Nxe4 fxe4 20. Bxe4 Nc5 21. Nxc6 Qc7 22. Nxe7 Nxe4 23. Nd5 Qf7 24. f5 Bxf5 25. Qf3 g6 26. Nf6+ Nxf6 27. Qxa8+ Ke7 28. Qxa7+ Ke6 29. Qxf7+ Kxf7 30. gxf6 1-0


[Site "https://www.chess.com"]

[Event "Titled Tuesday Blitz August 09 Early 2022"]
[White "Sellitti, Federico"]
[Black "Kostina, Nadezhda"]
[WhiteFideId "821829"]
[BlackFideId "4195876"]
[WhiteElo "2517"]
[BlackElo "1980"]
[Result "1-0"]
[Round "02"]
[TimeControl "180+1"]
[Date "2022.08.09"]
[WhiteClock "0:00:30"]
[BlackClock "0:00:38"]

1. e4 c5 2. Nc3 Nc6 3. g3 g6 4. Bg2 Bg7 5. d3 d6 6. Be3 Nf6 7. h3 O-O 8. Qd2 Re8 9. Bh6 Bh8 10. f4 Rb8 11. Nf3 b5 12. f5 b4 13. Nd1 e6 14. fxg6 fxg6 15. O-O d5 16. Ng5 dxe4 17. Nxe4 Nxe4 18. Bxe4 Qd6 19. Kh2 Nd4 20. Qf2 Nf5 21. Bf4 e5 22. Bg5 Be6 23. Ne3 h6 24. Bxf5 gxf5 25. Bxh6 Bd7 26. Nxf5 Bxf5 27. Qxf5 Qxh6 28. Qf7# 1-0


[Site "https://www.chess.com"]

[Event "Titled Tuesday Blitz August 09 Early 2022"]
[White "Shimanov, Aleksandr"]
[Black "Filippova, Margarita"]
[WhiteFideId "4198603"]
[BlackFideId "34199680"]
[WhiteElo "2605"]
[BlackElo "1734"]
[Result "1-0"]
[Round "02"]
[TimeControl "180+1"]
[Date "2022.08.09"]
[WhiteClock "0:00:49"]
[BlackClock "0:00:02"]

1. e4 e5 2. Nf3 Nc6 3. Nc3 Nf6 4. h3 Be7 5. d4 exd4 6. Nxd4 O-O 7. Nxc6 dxc6 8. Bd3 Nd7 9. O-O Nc5 10. Be2 Bf6 11. Be3 Qe7 12. f3 Rd8 13. Qe1 Be6 14. Qf2 Bxc3 15. Bxc5 Qxc5 16. Qxc5 Bd4+ 17. Qxd4 Rxd4 18. Rfd1 Rad8 19. a3 Kf8 20. Kf2 Ke7 21. Ke3 c5 22. c3 Rxd1 23. Bxd1 f5 24. Bc2 Kf6 25. f4 fxe4 26. Bxe4 Bf5 27. Bf3 b6 28. g4 Be6 29. h4 h6 30. g5+ hxg5 31. hxg5+ Kg6 32. Rh1 Kf7 33. Be4 Re8 34. Kf3 Bg4+ 35. Kxg4 Rxe4 36. Kf3 Re6 37. Rd1 Ke7 38. Rd2 g6 39. Rh2 Kd6 40. Rh6 a5 41. f5 gxf5 42. Kf4 a4 43. Kxf5 1-0


[Site "https://www.chess.com"]

[Event "Titled Tuesday Blitz August 09 Early 2022"]
[White "Shohat, Yotam"]
[Black "Prohorov, Olexandr"]
[WhiteFideId "2813955"]
[BlackFideId "14105578"]
[WhiteElo "2119"]
[BlackElo "1993"]
[Result "1-0"]
[Round "02"]
[TimeControl "180+1"]
[Date "2022.08.09"]
[WhiteClock "0:00:05"]
[BlackClock "0:01:06"]

1. e4 c5 2. Nf3 e6 3. d4 cxd4 4. Nxd4 Qb6 5. Nb3 Nf6 6. e5 Ne4 7. Qe2 d5 8. exd6 Nxd6 9. Nc3 Nc6 10. Bf4 Be7 11. O-O-O Nf5 12. g4 Nh4 13. a3 a6 14. Na4 Qa7 15. Be3 Qb8 16. Nb6 O-O 17. f4 Ng6 18. Qf3 Rd8 19. Bd3 a5 20. Nxa8 Qxa8 21. Bb6 Re8 22. Be4 a4 23. Nc5 Bxc5 24. Bxc5 Qa5 25. Bxc6 bxc6 26. Qxc6 Rd8 27. Bb6 1-0


[Site "https://www.chess.com"]

[Event "Titled Tuesday Blitz August 09 Early 2022"]
[White "Shpanko, Nadiia"]
[Black "Makarian, Rudik"]
[WhiteFideId "14132400"]
[BlackFideId "44105681"]
[WhiteElo "2139"]
[BlackElo "2403"]
[Result "0-1"]
[Round "02"]
[TimeControl "180+1"]
[Date "2022.08.09"]
[WhiteClock "0:00:34"]
[BlackClock "0:00:39"]

1. d4 Nf6 2. c4 c5 3. d5 g6 4. Nc3 Bg7 5. e4 d6 6. Nf3 O-O 7. Be2 e6 8. O-O e5 9. Ne1 Ne8 10. f4 exf4 11. Bxf4 Nd7 12. Nd3 Qe7 13. Rb1 Ne5 14. Nxe5 Bxe5 15. Bxe5 Qxe5 16. Qd3 Bd7 17. Nd1 f5 18. Nf2 Nf6 19. Bf3 Rae8 20. Rbe1 fxe4 21. Nxe4 Nxe4 22. Rxe4 Qxb2 23. Rb1 Qxa2 24. Rxb7 Qa1+ 25. Rb1 Qf6 26. Rxe8 Rxe8 27. Qd2 Bf5 28. Rb7 a5 29. Ra7 Qa1+ 30. Kf2 a4 31. Qh6 Qe1# 0-1


[Site "https://www.chess.com"]

[Event "Titled Tuesday Blitz August 09 Early 2022"]
[White "Silvestre, Christian"]
[Black "Pein, Jonathan"]
[WhiteFideId "30956269"]
[BlackFideId "417092"]
[WhiteElo "2276"]
[BlackElo "2140"]
[Result "1-0"]
[Round "02"]
[TimeControl "180+1"]
[Date "2022.08.09"]
[WhiteClock "0:01:22"]
[BlackClock "0:00:12"]

1. Nf3 Nc6 2. e3 e5 3. d4 exd4 4. exd4 d5 5. c3 Bg4 6. Be2 Bd6 7. O-O Nge7 8. Nbd2 Qd7 9. Re1 O-O-O 10. Nf1 h5 11. Ng5 Ng6 12. h3 Bf5 13. Bxh5 f6 14. Bxg6 Bxg6 15. Nf3 Bf5 16. Ng3 Bxh3 17. gxh3 Qxh3 18. Qe2 Bxg3 19. fxg3 Qh1+ 20. Kf2 Rh2+ 21. Nxh2 Qxh2+ 22. Kf3 Qh3 23. Qe6+ 1-0


[Site "https://www.chess.com"]